 Dungeon Crawl Stone Soup version 0.31-a0-232-gb1c03b2570 (webtiles) character file.

Game seed: 7909868947944487292

25 qw the Shooter (level 3, 0/21 HPs)
             Began as a Gargoyle Hexslinger on July 7, 2023.
             Slain by a worm (8 damage)
             ... on level 2 of the Dungeon.
             The game lasted 00:00:13 (766 turns).

qw the Shooter (Gargoyle Hexslinger)                 Turns: 766, Time: 00:00:13

Health: 0/21       AC:  5    Str: 11    XL:     3   Next: 6%
Magic:  4/4        EV: 12    Int: 13    God:
Gold:   67         SH:  0    Dex: 14    Spells: 3/4 levels left

rFire   . . .        Y - +1 sling
rCold   . . .        (no shield)
rNeg    + . .        c - +0 robe
rPois   inf          (no helmet)
rElec   +            (no cloak)
rCorr   .            (no gloves)
SInv    .            (no boots)
Will    .....        (no amulet)
Stlth   +            (no ring)
HPRegen 0.23/turn    (no ring)
MPRegen 0.09/turn

%: no passive effects
@: no status effects
A: sickness immunity, AC +3, negative energy resistance 1, electricity
resistance, torment resistance 1, petrification resistance
a: no special abilities


You were on level 2 of the Dungeon.
You visited 1 branch of the dungeon, and saw 2 of its levels.

You collected 67 gold pieces.


Innate Abilities, Weirdness & Mutations

You are immune to sickness and miasma.
Your stone body is resilient. (AC +3)
You are immune to poison.
You resist negative energy. (rN+)
You are resistant to electric shocks. (rElec)
You are resistant to unholy torment.
You are immune to petrification.


   Skills:
 - Level 2.0 Fighting
 + Level 3.0 Ranged Weapons
 - Level 1.5 Dodging
 - Level 1.0 Spellcasting
 - Level 2.6 Hexes


You had 3 spell levels left.
You knew the following spells:

 Your Spells              Type           Power      Damage    Failure   Level
a - Slow                  Hex            28%        N/A       10%         1

Your spell library contained the following spells:

 Spells                   Type           Power      Damage    Failure   Level
 Inner Flame              Hex/Fire       4%         N/A       43%         3
 Portal Projectile        Hex/Tloc       8%         N/A       43%         3
 Cause Fear               Hex            3%         N/A       67%         4

Inventory:

Hand Weapons
 Y - a +1 sling (weapon)
Armour
 c - a +0 robe (worn)
Scrolls
 a - a scroll of blinking {unknown}
Potions
 f - a potion of invisibility {unknown}
 g - a potion of resistance

Dungeon Overview and Level Annotations

Branches:
Dungeon (2/15)

Altars:


Message History

You shoot a sling bullet. The sling bullet hits the gnoll.
You kill the gnoll!
An endoplasm comes into view.
The worm bites you but does no damage.
Your Fighting skill increases to level 2!
You have reached level 3!
Your experience leads to an increase in your attributes!
Increase (S)trength, (I)ntelligence, or (D)exterity?
You feel agile. x2
You shoot a sling bullet. The endoplasm quivers.
The sling bullet hits the worm.
The worm is lightly wounded.
The goblin barely misses you.
A hobgoblin comes into view. It is wielding a +0 spear.
The worm bites you but does no damage.
You shoot a sling bullet.
The sling bullet barely misses the worm.
The hobgoblin hits you but does no damage.
The goblin barely misses you.
You shoot a sling bullet.
The sling bullet barely misses the worm.
The goblin barely misses you. The hobgoblin misses you.
A kobold comes into view. It is wielding a +0 whip.
The worm bites you! The goblin barely misses you.
The hobgoblin hits you but does no damage.
You shoot a sling bullet.
The sling bullet barely misses the worm.
The goblin barely misses you. The hobgoblin closely misses you.
An endoplasm comes into view.
The worm bites you.
You shoot a sling bullet. The sling bullet hits the worm.
The worm is moderately wounded.
The hobgoblin misses you. The goblin hits you but does no damage.
You shoot a sling bullet. The sling bullet hits the worm.
The worm is heavily wounded.
The goblin hits you but does no damage.
The hobgoblin hits you from afar with a +0 spear.
The worm bites you!
You die...

###########
#....Jw...#
....KJg@#.##
####Jg#....####
## ##......#
#......######
#...........#
##......####.#
.####....####
.........#
.######.##


You could see a worm, 3 endoplasms, a hobgoblin, a goblin and a kobold.

Vanquished Creatures
  A gnoll (D:2)
  2 endoplasms (D:1)
  A giant cockroach (D:1)
  2 hobgoblins (D:1)
  3 quokkas
  2 ball pythons
  A bat (D:1)
  A frilled lizard (D:1)
  A rat (D:1)
14 creatures vanquished.

Notes
Turn   | Place    | Note
-------+----------+-------------------------------------------
     0 | D:1      | qw the Gargoyle Hexslinger began the quest for the Orb.
     0 | D:1      | Reached XP level 1. HP: 12/12 MP: 2/2
     0 | D:1      | 0 ||| qw: Version: 0.3-a-46-gb1f654a
     0 | D:1      | 0 ||| qw: Game counter: 2512
     0 | D:1      | 0 ||| qw: Melee chars always use a shield: true
     0 | D:1      | 0 ||| qw: God list: Okawaru
     0 | D:1      | 0 ||| qw: Allow faded altars: false
     0 | D:1      | 0 ||| qw: Do Orc after clearing Dungeon:15 true
     0 | D:1      | 0 ||| qw: Do second Lair branch before Depths: true
     0 | D:1      | 0 ||| qw: Lair rune preference: random
     0 | D:1      | 0 ||| qw: Goals: Normal
     0 | D:1      | 0 ||| PLANNING D:1-11
   318 | D:1      | Reached XP level 2. HP: 16/16 MP: 3/3
   696 | D:1      | 696 ||| READING scroll labelled RAASITS XAOW.
   697 | D:1      | 697 ||| READING scroll labelled PAMOERHIEFI.
   698 | D:1      | 698 ||| READING scroll labelled LARPHI QASA.
   699 | D:1      | 699 ||| DRINKING 2 bubbling black potions.
   700 | D:1      | 700 ||| DROPPING scroll of poison.
   744 | D:2      | Reached skill level 3 in Ranged Weapons
   761 | D:2      | Reached XP level 3. HP: 20/21 MP: 4/4
   766 | D:2      | Slain by a worm

Levels and vault maps discovered:
D:1:      wander_arrival_abandoned_jail, layout_loops_ring, lemuel_flame_loot_1
D:2:      layout_loops_corners, shapermc_ecumenical_altar_acropolis,
          minmay_close_crescents

Skill      XL: |  1  2 |
---------------+-------+-----
Ranged Weapons | 3 |  3.0
Fighting       | 2 |  2.0
Dodging        | |  1.5
Spellcasting   | |  1.0
Hexes          | |  2.6

Action                     || total
---------------------------++-------
   Fire: Sling             ||    43
    Use: Scroll            ||     3
         Potion            ||     1
 Armour: Robe              ||     9
  Dodge: Dodged            ||    17

Table legend:
 A = Non-vault XP
 B = Vault XP
 C = Vault XP percentage of total XP
 D = Non-vault monster count
 E = Vault monster count
 F = Vault count percentage of total count
                 A         B        C        D         E       F
            +---------+---------+-------+---------+---------+-------
      Total |      22 |      15 |  40.5 |      13 |       1 |   7.1
            +---------+---------+-------+---------+---------+-------
        D:1 |      18 |       0 |   0.0 |      11 |       0 |   0.0
        D:2 |       4 |      15 |  78.9 |       2 |       1 |  33.3
            +---------+---------+-------+---------+---------+-------
